Workbook

Sheet Receipts
C1: GREAT HOUGHTON PARISH COUNCIL | F1: CASH BOOK - RECEIPTS
A2: Check
A3: (should be | B3: Date | C3: Name | D3: Ref | E3: Details | F3: Total | G3: Precept | H3: Grants | I3: S106 | J3: Insurance | K3: Advertising | L3: MAPC | M3: Bank | N3: VAT | O3: Other
A4: nil) | F4: Receipts | J4: Claims | L4: Refund | M4: Interest | N4: Refund
A5: =+F5-SUM(G5:O5) -> 0 | F5: =SUM(F6:F49) -> 18588.69 | G5: =SUM(G6:G42) -> 13750 | H5: =SUM(H6:H42) -> 550 | I5: =SUM(I6:I242) -> 0 | J5: =SUM(J6:J242) -> 3049.66 | K5: =SUM(K6:K42) -> 0 | L5: =SUM(L6:L42) -> 0 | M5: =SUM(M6:M42) -> 0 | N5: =SUM(N6:N42) -> 1223.11 | O5: =SUM(O6:O42) -> 15.92
A6: April | B6: 13750 | C6: GHPFA | D6: Transfer | E6: Insurance repayment | F6: =SUM(G6:O6) -> 3049.66 | J6: 3049.66
A7: 0 | B7: 46134 | C7: WNC Finance | D7: Transfer | E7: Grass Cutting Grant | F7: =SUM(G7:O7) -> 550 | H7: 550
A8: =+#REF!-SUM(#REF!) -> #REF! | B8: 46141 | C8: WNC Finance | D8: Transfer | E8: Precept | F8: =SUM(G8:O8) -> 13750 | G8: 13750
B9: 46216 | C9: Nat Grid | D9: Cheque | E9: Wayleave | F9: =SUM(G9:O9) -> 15.92 | O9: 15.92
B10: 46226 | C10: HMRC | D10: Transfer | E10: VAT Refund | F10: =SUM(G10:O10) -> 1223.11 | N10: 1223.11
A11: =+F11-SUM(G11:O11) -> 0 | F11: =SUM(G11:O11) -> 0
F12: =SUM(G12:O12) -> 0
A13: =+F7-SUM(G7:O7) -> 0 | F13: =SUM(G13:O13) -> 0
F14: =SUM(G14:O14) -> 0
A15: =+F8-SUM(G8:O8) -> 0 | F15: =SUM(G15:O15) -> 0
A16: =+F16-SUM(G16:O16) -> 0 | F16: =SUM(G16:O16) -> 0
A18: =+F18-SUM(G18:O18) -> 0 | F18: =SUM(G18:O18) -> 0
A19: =+F19-SUM(G19:O19) -> 0 | F19: =SUM(G19:O19) -> 0
A20: =+F20-SUM(G20:O20) -> 0 | F20: =SUM(G20:O20) -> 0
A21: =+F21-SUM(G21:O21) -> 0 | F21: =SUM(G21:O21) -> 0
A22: =+F22-SUM(G22:O22) -> 0 | F22: =SUM(G22:O22) -> 0
A23: =+F23-SUM(G23:O23) -> 0 | F23: =SUM(G23:O23) -> 0
A24: =+F24-SUM(G24:O24) -> 0 | F24: =SUM(G24:O24) -> 0
A25: =+F25-SUM(G25:O25) -> 0 | F25: =SUM(G25:O25) -> 0
A26: =+F26-SUM(G26:O26) -> 0 | F26: =SUM(G26:O26) -> 0
A27: =+F27-SUM(G27:O27) -> 0 | F27: =SUM(G27:O27) -> 0
A28: =+F28-SUM(G28:O28) -> 0 | F28: =SUM(G28:O28) -> 0
... A33: =+F33-SUM(G33:O33) -> 0 | F33: =SUM(G33:O33) -> 0
F34: =SUM(G34:O34) -> 0
A35: =+F35-SUM(G35:O35) -> 0 | F35: =SUM(G35:O35) -> 0
A36: =+F36-SUM(G36:O36) -> 0 | F36: =SUM(G36:O36) -> 0
A37: =+F37-SUM(G37:O37) -> 0 | F37: =SUM(G37:O37) -> 0
A38: =+F38-SUM(G38:O38) -> 0 | F38: =SUM(G38:O38) -> 0
A39: =+F39-SUM(G39:O39) -> 0 | F39: =SUM(G39:O39) -> 0
A40: =+F40-SUM(G40:O40) -> 0 | F40: =SUM(G40:O40) -> 0
A41: =+F41-SUM(G41:O41) -> 0 | F41: =SUM(G41:O41) -> 0
A42: =+F42-SUM(G42:O42) -> 0 | F42: =SUM(G42:O42) -> 0
A43: =+F43-SUM(G43:O43) -> 0 | F43: =SUM(G43:O43) -> 0
A44: =+F44-SUM(G44:O44) -> 0 | F44: =SUM(G44:O44) -> 0
A45: =+F45-SUM(G45:O45) -> 0 | F45: =SUM(G45:O45) -> 0
A46: =+F46-SUM(G46:O46) -> 0 | F46: =SUM(G46:O46) -> 0
... A55: =+F55-SUM(G55:O55) -> 0 | F55: =SUM(G55:O55) -> 0
A56: =+F56-SUM(G56:O56) -> 0
A57: =+F57-SUM(G57:O57) -> 0
A58: =+F58-SUM(G58:O58) -> 0
A59: =+F59-SUM(G59:O59) -> 0
A60: =+F60-SUM(G60:O60) -> 0
A61: =+F61-SUM(G61:O61) -> 0
A62: =+F62-SUM(G62:O62) -> 0
A63: =+F63-SUM(G63:O63) -> 0
A64: =+F64-SUM(G64:O64) -> 0
A65: =+F65-SUM(G65:O65) -> 0
A66: =+F66-SUM(G66:O66) -> 0
A67: =+F67-SUM(G67:O67) -> 0
... A242: =+F242-SUM(G242:O242) -> 0

Sheet Payments
B1: GREAT HOUGHTON PARISH COUNCIL | F1: CASH BOOK - PAYMENTS
A3: Date | C3: Name | D3: Ref | E3: Details | F3: Total | H3: Village Maintenance | K3: Pocket Park | L3: Church Clock | M3: Village Hall | O3: S 137 Donations | Q3: Administration
F4: Payments | G4: VAT | H4: Mowing | I4: Dog bin emptying | J4: Other | K4: Maint | L4: Maintenance | M4: Replacement | N4: Loan repayment | O4: Poppy Wreath | P4: Other | Q4: Clerk Salary | R4: Clerk Expenses | S4: Travel Mileage | T4: Cllrs Expenses | U4: Chairman Expenses | V4: Insurance | W4: Stationery & Postage | X4: Telephone | Y4: Audit Costs | Z4: Website | AA4: New/ Replace Equipment | AB4: PAYE | AC4: Training | AD4: Hall rental | AE4: Professional fees | AF4: Subscriptions | AG4: Parish news printing | AH4: Village Hopper | AI4: Other Costs
AB5: O/L Rebate
A6: 2026/2027 | F6: =SUM(G6:AI6) -> 9379.4 | G6: =SUM(G7:G220) -> 619.53 | H6: =SUM(H7:H220) -> 2500 | I6: =SUM(I7:I220) -> 0 | J6: =SUM(J7:J220) -> 433.41 | K6: =SUM(K7:K220) -> 0 | L6: =SUM(L7:L220) -> 0 | M6: =SUM(M7:M220) -> 0 | N6: =SUM(N7:N220) -> 0 | ... AI6: =SUM(AI7:AI220) -> 0
A7: April | B7: 7 | C7: Post Office | D7: Card | E7: Stamps | F7: =SUM(G7:AI7) -> 13.92 | W7: 13.92
B8: 7 | C8: Amazon | D8: Card | E8: 30 MPH signs | F8: =SUM(G8:AI8) -> 119.54 | G8: 19.94 | J8: 99.6
B9: 17 | C9: Amazon | D9: Card | E9: folders & dividers | F9: =SUM(G9:AI9) -> 16.98 | G9: 2.84 | W9: 14.14
B10: 20 | C10: Amazon | D10: Card | E10: Subscription | F10: =SUM(G10:AI10) -> 8.99 | AF10: 8.99
B11: 22 | C11: Parish Clerk | D11: T00510 | E11: Salary | F11: =SUM(G11:AI11) -> 314.4 | Q11: 314.4
B12: 22 | C12: HMRC | D12: T00511 | E12: PAYE | F12: =SUM(G12:AI12) -> 184.2 | AB12: 184.2
B13: 22 | C13: Rogers Quickprint | D13: T00512 | E13: Parish News | F13: =SUM(G13:AI13) -> 297 | AG13: 297
B14: 22 | C14: HGM | D14: T00513 | E14: Maintenance (1094) | F14: =SUM(G14:AI14) -> 300 | G14: 50 | H14: 250
B15: 22 | C15: NCALC | D15: T00514 | E15: Membership | F15: =SUM(G15:AI15) -> 800.8 | G15: 63.55 | AF15: 737.25
B16: 22 | C16: S Barham | D16: T00515 | E16: Flower Box | F16: =SUM(G16:AI16) -> 23.09 | J16: 23.09
B17: 22 | C17: CTL Services | D17: T00516 | E17: Light Kiosk | F17: =SUM(G17:AI17) -> 185 | J17: 185
B18: 22 | C18: HGM | D18: T00517 | E18: Maintenance (1078) | F18: =SUM(G18:AI18) -> 300 | G18: 50 | H18: 250
B19: 22 | C19: Parish Clerk | D19: T00518 | E19: Expenses | F19: =SUM(G19:AI19) -> 49.17 | R19: 26 | W19: 13.92 | X19: 9.25
A20: May | B20: 19 | C20: Amazon | D20: Card | E20: Subscription | F20: =SUM(G20:AI20) -> 8.99 | AF20: 8.99
B21: 20 | C21: Parish Clerk | D21: T00519 | E21: Salary | F21: =SUM(G21:AI21) -> 314.2 | Q21: 314.2
B22: 20 | C22: HMRC | D22: T00520 | E22: PAYE | F22: =SUM(G22:AI22) -> 184.4 | AB22: 184.4
B23: 20 | C23: HGM | D23: T00521 | E23: Maintenance (1127) | F23: =SUM(G23:AI23) -> 300 | G23: 50 | H23: 250
B24: 20 | C24: HGM | D24: T00522 | E24: Maintenance (1110) | F24: =SUM(G24:AI24) -> 300 | G24: 50 | H24: 250
B25: 20 | C25: Curtis Website | D25: T00523 | E25: Website | F25: =SUM(G25:AI25) -> 60 | Z25: 60
B26: 20 | C26: SLCC | D26: T00524 | E26: Membership | F26: =SUM(G26:AI26) -> 116 | AF26: 116
B27: 20 | C27: CPRE | D27: T00525 | E27: Membership | F27: =SUM(G27:AI27) -> 36 | AF27: 36
B28: 20 | C28: Parish Clerk | D28: T00526 | E28: Expenses | F28: =SUM(G28:AI28) -> 36.38 | R28: 26 | X28: 10.38
A29: June | B29: 8 | C29: Amazon | D29: Card | E29: Folder | F29: =SUM(G29:AI29) -> 13.99 | G29: 2.33 | W29: 11.66
B30: 16 | C30: Parish Clerk | D30: T00527 | E30: Salary | F30: =SUM(G30:AI30) -> 425.52 | Q30: 425.52
B31: 16 | C31: HMRC | D31: T00528 | E31: PAYE | F31: =SUM(G31:AI31) -> 153 | AB31: 153
B32: 16 | C32: HMRC | D32: T00529 | E32: PAYE | F32: =SUM(G32:AI32) -> 19.8 | AB32: 19.8
B33: 16 | C33: Rogers Quickprint | D33: T00530 | E33: Parish News | F33: =SUM(G33:AI33) -> 322 | AG33: 322
B34: 16 | C34: Rogers Quickprint | D34: T00531 | E34: Survey | F34: =SUM(G34:AI34) -> 224 | W34: 224
B35: 16 | C35: HGM | D35: T00532 | E35: Maintenance (1147) | F35: =SUM(G35:AI35) -> 300 | G35: 50 | H35: 250
B36: 16 | C36: HGM | D36: T00533 | E36: Maintenance (1162) | F36: =SUM(G36:AI36) -> 300 | G36: 50 | H36: 250
B37: 16 | C37: C Humphrey | D37: T00534 | E37: Distribution | F37: =SUM(G37:AI37) -> 60 | W37: 30 | AG37: 30
B38: 16 | C38: NCALC | D38: T00535 | E38: Training | F38: =SUM(G38:AI38) -> 42 | G38: 7 | AC38: 35
B39: 16 | C39: AC Print | D39: T00536 | E39: Parish News | F39: =SUM(G39:AI39) -> 350 | AG39: 350
B40: 16 | C40: Parish Clerk | D40: T00537 | E40: Expenses | F40: =SUM(G40:AI40) -> 36.38 | R40: 26 | X40: 10.38
B41: 19 | C41: Amazon | D41: Card | E41: Subscription | F41: =SUM(G41:AI41) -> 8.99 | AF41: 8.99
B42: 23 | C42: Microsoft | D42: Card | E42: Subscription | F42: =SUM(G42:AI42) -> 84.99 | AF42: 84.99
A43: July | B43: 7 | C43: HMRC | D43: T00538 | E43: NIC arrears | F43: =SUM(G43:AI43) -> 244.74 | AB43: 244.74
B44: 13 | C44: Post Office | D44: Card | E44: stamps | F44: =SUM(G44:AI44) -> 14.56 | W44: 14.56
B45: 20 | C45: Amazon | D45: Card | E45: Subscription | F45: =SUM(G45:AI45) -> 8.99 | AF45: 8.99
B46: 22 | C46: Parish Clerk | D46: T00539 | E46: Salary | F46: =SUM(G46:AI46) -> 314.4 | Q46: 314.4
B47: 22 | C47: HMRC | D47: T00540 | E47: PAYE | F47: =SUM(G47:AI47) -> 196.44 | AB47: 196.44
B48: 22 | C48: HGM | D48: T00541 | E48: Maintenance (1216) | F48: =SUM(G48:AI48) -> 300 | G48: 50 | H48: 250
B49: 22 | C49: HGM | D49: T00542 | E49: Maintenance (1198) | F49: =SUM(G49:AI49) -> 300 | G49: 50 | H49: 250
B50: 22 | C50: HGM | D50: T00543 | E50: Maintenance (1181) | F50: =SUM(G50:AI50) -> 300 | G50: 50 | H50: 250
B51: 22 | C51: Parish Clerk | D51: T00544 | E51: Expenses | F51: =SUM(G51:AI51) -> 39.08 | R51: 26 | S51: 2.7 | X51: 10.38
B52: 22 | C52: S Barham | D52: T00545 | E52: Flower Box | F52: =SUM(G52:AI52) -> 22.99 | J52: 22.99
A53: Aug | B53: 5 | C53: Amazon | D53: Card | E53: copy paper | F53: =SUM(G53:AI53) -> 19.99 | G53: 3.33 | W53: 16.66
B54: 7 | C54: Amazon | D54: Card | E54: 30mph speed signs | F54: =SUM(G54:AI54) -> 91.77 | G54: 15.29 | J54: 76.48
B55: 19 | C55: Parish Clerk | D55: T00546 | E55: Salary | F55: =SUM(G55:AI55) -> 314.4 | Q55: 314.4
B56: 19 | C56: HMRC | D56: T00547 | E56: PAYE | F56: =SUM(G56:AI56) -> 196.44 | AB56: 196.44
B57: 19 | C57: HGM | D57: T00548 | E57: Maintenance (1231) | F57: =SUM(G57:AI57) -> 300 | G57: 50 | H57: 250
B58: 19 | C58: M Browett | D58: T00549 | E58: Distribution | F58: =SUM(G58:AI58) -> 30 | AG58: 30
B59: 19 | C59: Rogers Quickprint | D59: T00550 | E59: Parish News | F59: =SUM(G59:AI59) -> 297 | AG59: 297
B60: 19 | C60: Parish Clerk | D60: T00551 | E60: Expenses | F60: =SUM(G60:AI60) -> 36.38 | R60: 26 | X60: 10.38
B61: 19 | C61: Amazon | D61: Card | E61: Subscription | F61: =SUM(G61:AI61) -> 8.99 | AF61: 8.99
B62: 20 | C62: HSBC | D62: DD | E62: Bank Charge | F62: =SUM(G62:AI62) -> 2 | AE62: 2
B63: 24 | C63: Amazon | D63: Card | E63: Horse Riding signs | F63: =SUM(G63:AI63) -> 31.5 | G63: 5.25 | J63: 26.25
F64: =SUM(G64:AI64) -> 0
F65: =SUM(G65:AI65) -> 0
F66: =SUM(G66:AI66) -> 0
F67: =SUM(G67:AI67) -> 0
A68: Sep | F68: =SUM(G68:AI68) -> 0
F69: =SUM(G69:AI69) -> 0
F70: =SUM(G70:AI70) -> 0
F71: =SUM(G71:AI71) -> 0
F72: =SUM(G72:AI72) -> 0
F73: =SUM(G73:AI73) -> 0
A74: Oct | F74: =SUM(G74:AI74) -> 0
F75: =SUM(G75:AI75) -> 0
F76: =SUM(G76:AI76) -> 0
F77: =SUM(G77:AI77) -> 0
F78: =SUM(G78:AI78) -> 0
F79: =SUM(G79:AI79) -> 0
F80: =SUM(G80:AI80) -> 0
F81: =SUM(G81:AI81) -> 0
F82: =SUM(G82:AI82) -> 0
F83: =SUM(G83:AI83) -> 0
F84: =SUM(G84:AI84) -> 0
F85: =SUM(G85:AI85) -> 0
F86: =SUM(G86:AI86) -> 0
A87: Nov | F87: =SUM(G87:AI87) -> 0
F88: =SUM(G88:AI88) -> 0
F89: =SUM(G89:AI89) -> 0
F90: =SUM(G90:AI90) -> 0
F91: =SUM(G91:AI91) -> 0
F92: =SUM(G92:AI92) -> 0
F93: =SUM(G93:AI93) -> 0
A94: Dec | F94: =SUM(G94:AI94) -> 0
F95: =SUM(G95:AI95) -> 0
F96: =SUM(G96:AI96) -> 0
F97: =SUM(G97:AI97) -> 0
F98: =SUM(G98:AI98) -> 0
F99: =SUM(G99:AI99) -> 0
F100: =SUM(G100:AI100) -> 0
F101: =SUM(G101:AI101) -> 0
...

Sheet Deposit

Sheet Summary
A1: GREAT HOUGHTON PARISH COUNCIL
A2: 2026/2027 RECEIPTS AND PAYMENTS ACCOUNT TO | K2: 46265
A4: ACTUAL | I4: ACTUAL | K4: DRAFT
A5: 2025/2026 | I5: TO DATE | K5: BUDGET
I6: 2026/2027 | K6: 2026/2027
A7: £ | B7: RECEIPTS | I7: £ | K7: £
A8: 27500 | C8: Precept | I8: =Receipts!G5 -> 13750 | K8: 27500
A9: 565.99 | C9: Grants/S106 | I9: =Receipts!H5 -> 550 | K9: 500
A10: 0 | C10: Insurance claims | I10: =Receipts!J5 -> 3049.66 | K10: 0
A11: 0 | C11: Bank interest | I11: =Receipts!M5+Deposit!H5 -> 0 | K11: 0
A12: 755 | C12: Advertising for Village Magazine | I12: =Receipts!K5 -> 0 | K12: 300
A13: 10.56 | C13: MAPC Refund | I13: =SUM(Receipts!L5) -> 0 | K13: 1500
A14: 2158.94 | C14: VAT claims | I14: =Receipts!N5 -> 1223.11 | K14: 0
A15: 110.89 | C15: Other | I15: =Receipts!O5 -> 15.92 | K15: 29800
A16: =SUM(A8:A15) -> 31101.38 | C16: Total receipts | I16: =SUM(I8:I15) -> 18588.69 | K16: =SUM(K8:K15) -> 59600
B18: PAYMENTS
C19: Village Maintenance | K19: 5000
A20: 4000 | D20: Mowing | I20: =Payments!H6 -> 2500 | K20: 1000
A21: 0 | D21: Dog Bin Emptying | I21: =Payments!I6 -> 0 | K21: 10000
A22: 52.88 | D22: Other | I22: =Payments!J6 -> 433.41 | K22: 16000
A23: =SUM(A20:A22) -> 4052.88 | I23: =SUM(I20:I22) -> 2933.41 | K23: =SUM(K20:K22) -> 27000
C24: Pocket Park Maintenance
A25: 610 | D25: Maintenance | I25: =+Payments!K6 -> 0 | K25: 100
A26: =SUM(A25) -> 610 | I26: =SUM(I25:I25) -> 0 | K26: =SUM(K25:K25) -> 100
C27: Church Clock
A28: 295 | D28: Maintenance | I28: =+Payments!L6 -> 0 | K28: 250
A29: =SUM(A28) -> 295 | I29: =SUM(I28:I28) -> 0 | K29: =SUM(K28:K28) -> 250
C30: Village Hall
A31: 0 | D31: Replacement | I31: =+Payments!M6 -> 0 | K31: 2000
A32: 0 | D32: Loan repayment | I32: =+Payments!N6 -> 0 | K32: 2000
A33: =SUM(A31:A32) -> 0 | I33: =SUM(I31:I32) -> 0 | K33: =SUM(K31:K32) -> 4000
C34: Grants & Donations | F34: (under s137, Local Government Act 1972)
E35: maximum this year £ | F35: 11.60 x 502 = £67549.12
A36: 0 | D36: Royal British Legion Remembrance Day appeal | I36: =+Payments!O6 -> 0 | K36: 100
A37: 100 | D37: Other (electorate discretion) | I37: =+Payments!P6 -> 0 | K37: 4427
A38: =SUM(A36:A37) -> 100 | I38: =SUM(I36:I37) -> 0 | K38: =SUM(K36:K37) -> 4527
C40: Administration
A41: 3509.14 | D41: Clerk | I41: =+Payments!Q6 -> 1682.92 | K41: 5000
A42: 321.25 | D42: Expenses | I42: =Payments!R6 -> 130 | K42: 200
A43: 0 | D43: Cllrs expenses | I43: =+Payments!T6 -> 0 | K43: 300
A44: 93.7 | D44: Travel Allowance | I44: =Payments!S6 -> 2.7 | K44: 100
A45: 3575.44 | D45: Insurance | I45: =+Payments!V6 -> 0 | K45: 3500
A46: 268.29 | D46: Stationery & postage | I46: =+Payments!W6 -> 338.86 | K46: 250
A47: 101.75 | D47: Telephones & Broadband | I47: =+Payments!X6 -> 50.77 | K47: 100
A48: 210 | D48: Audit | I48: =+Payments!Y6 -> 0 | K48: 400
A49: 517.99 | D49: Web site | I49: =+Payments!Z6 -> 60 | K49: 300
A50: 654.26 | D50: New and replacement equipment- Defibrillator | I50: =+Payments!AA6 -> 0 | K50: 5000
A51: 3166.7 | D51: PAYE & NI | I51: =+Payments!AB6 -> 1179.02 | K51: 1000
A52: 205 | D52: Training | I52: =Payments!AC6 -> 35 | K52: 250
A53: 0 | D53: Hall rental | I53: =Payments!AD6 -> 0 | K53: 300
A54: 1361.5 | D54: Professional fees | I54: =Payments!AE6 -> 2 | K54: 6000
A55: 1155.79 | D55: Subscriptions | I55: =Payments!AF6 -> 1019.19 | K55: 1000
A56: 2233 | D56: Parish News Printing | I56: =Payments!AG6 -> 1326 | K56: 2000
A57: 0 | D57: Village Hopper | I57: =Payments!AH6 -> 0 | K57: 500
A58: 0 | D58: Other costs | I58: =+Payments!AI6 -> 0 | K58: 100
A59: =SUM(A41:A58) -> 17373.81 | I59: =SUM(I41:I58) -> 5826.46 | K59: =SUM(K41:K58) -> 26300
A61: 1955.54 | D61: VAT | I61: =+Payments!G6 -> 619.53 | K61: 250
A63: =+A61+A59+A38+A33+A29+A26+A23 -> 24387.23 | C63: Total Payments | I63: =+I61+I59+I38+I33+I29+I26+I23 -> 9379.4 | K63: =+K61+K59+K38+K33+K29+K26+K23 -> 62427
A65: =A16-A63 -> 6714.15 | B65: Net Receipts/ (Payments) | I65: =I16-I63 -> 9209.29 | K65: =K16-K63 -> -2827
D67: Bank Balances | I67: TOTAL | K67: TOTAL
A68: 35764.2 | D68: Opening | I68: 42478.35 | K68: 42478.35
A69: 6714.15 | D69: Net Receipts/ (Payments) | I69: =I65 -> 9209.29 | K69: -2827
A70: =A68+A69 -> 42478.35 | D70: Closing | I70: =I68+I69 -> 51687.64 | K70: =K68+K69 -> 39651.35
A73: =CELL("filename") -> https://d.docs.live.net/1d81ad189197f958/Great Houghton 2026/Finance/[GH-Accounts-2026-2027 xlsx.xlsx]Bank Reconciliation
I74: =NOW() -> 46266.464

Sheet Sig Variance
C1: GREAT HOUGHTON PARISH COUNCIL | H1: SIGNIFICANT VARIANCES 2018/2019 - To be entered at end of financial year
A3: Box number | B3: This Year | C3: Last Year | D3: Difference | G3: Explanation of Variance
B4: £ | C4: £ | D4: £ | E4: %
A8: 3) Other receipts
A11: 4) Staff costs
A14: 6) Other payments
A19: 9) Fixed assets
A21: 8) Level of bank balances

Sheet Bank Reconciliation
B1: Bank/Account Reconciliation Aug 2026
C3: Bank Statements as at end Aug 2026
C4: Current Account (+) | D4: 51687.64
C5: Total (=) | D5: =SUM(D4:D4) -> 51687.64
C6: Outstanding Payment
C7: Total (=) | D7: =SUM(D5-D6) -> 51687.64
C9: * Cheques to be cashed
C10: Payee | D10: Cheque | E10: Description | F10: Total
F17: =SUM(F11:F16) -> 0
C19: Accounts as at end of Aug 2026
C20: Opening Balance | D20: 53518.28
C21: Total Income (+) | D21: 0
C22: Total Expenditure (-) | D22: 1830.64
C23: Total | D23: =SUM(D20:D21)-D22 -> 51687.64
C25: DIFFERENCE | D25: =SUM(D23-D7) -> 0
C30: …………………………………..
C31: Signature Chairman
C33: Date …………………………..

Sheet Internal Audit
A1: To be provided at end of Financial Year

Sheet External Audit
A1: To be provided at end of Financial Year

Sheet VAT Claim
A1: GREAT HOUGHTON PARISH COUNCIL | D1: REF
A2: VALUE ADDED TAX - INVOICE DETAILS | D2: CLAIM 01/04/2018 TO 31/03/2019
A4: Date of | B4: Suppliers VAT | C4: Brief description | D4: To whom addressed | E4: VAT
A5: Supply | B5: registration number | C5: of supply | E5: paid
A6: 43178 | B6: 987543757 | C6: Website Development | D6: GHPC | E6: 60.75
A7: 43200 | B7: 927129222 | C7: Net Hosting | D7: GHPC | E7: 11.98
A8: 43263 | B8: 280335711 | C8: Repairs to Fence | D8: GHPC | E8: 84
A9: 43291 | B9: 987543757 | C9: Website Development | D9: GHPC | E9: 36
A10: 43346 | B10: 440498250 | C10: Audit | D10: GHPC | E10: 40
A11: 43444 | B11: 125677259 | C11: Clock Service | D11: GHPC | E11: 41.2
A12: 43473 | B12: 927129222 | C12: Net Hosting | D12: GHPC | E12: 2
A13: 43476 | B13: 135939387 | C13: signs | D13: GHPC | E13: 19.58
A14: 43481 | B14: 105540018 | C14: Signs | D14: GHPC | E14: 11.16
A15: 43493 | B15: 895296854 | C15: roof light | D15: GHPC | E15: 6.4
A16: 43498 | B16: 135939387 | C16: signs | D16: GHPC | E16: 8.73
C19: TOTAL | E19: =SUM(E6:E16) -> 321.8
A21: CLAIM MADE | B21: 43626
A22: REFUND RECEIVED | B22: 43663

Sheet Sheet1
